 Dungeon Crawl Stone Soup version 0.25-a0-292-gaa31f046c4 (webtiles) character file.

Game seed: 6645780033452521789, levelgen mode: classic

5267 Borgoz the Slicer (level 10, -2/69 HPs)
             Began as a Halfling Fighter on Dec 15, 2019.
             Was a Believer of Ashenzari.
             Slain by an orc warrior
             ... wielding a +0 trident
              (19 damage)
             ... on level 9 of the Dungeon.
             The game lasted 00:11:19 (10104 turns).

Borgoz the Slicer (Halfling Fighter)               Turns: 10104, Time: 00:11:19

Health: -2/69      AC:  9    Str: 19    XL:     10   Next: 93%
Magic:  0/10       EV: 17    Int:  6    God:    Ashenzari [**....]
Gold:   513        SH:  7    Dex: 16    Spells: 9/9 levels left

rFire    . . .     SeeInvis .   k - +2 dagger (venom) (curse)
rCold    . . .     Gourm    .   v - +0 buckler
rNeg     . . .     Faith    .   b - +0 scale mail
rPois    .         Spirit   +   (no helmet)
rElec    .         Reflect  .   s - scarf {Spirit} (curse)
rCorr    .         Harm     .   (no gloves)
MR       .....                  o - +0 pair of boots (curse)
Stlth    ++........             (no amulet)
HPRegen  0.21/turn              (no ring)
MPRegen  0.12/turn              (no ring)

@: no status effects
A: small, mutation resistance 1
a: Curse Item, Scrying, Renounce Religion


You were on level 9 of the Dungeon.
You worshipped Ashenzari.
Ashenzari was pleased with you.
You were not hungry.

You visited 2 branches of the dungeon, and saw 10 of its levels.

You collected 513 gold pieces.

Inventory:

Hand Weapons
 a - a +0 rapier
 k - a cursed +2 dagger of venom (weapon)
Missiles
 n - a throwing net (quivered)
Armour
 b - a +0 scale mail (worn)
 c - a +0 shield
 o - a cursed +0 pair of boots (worn)
 s - a cursed scarf of spirit shield (worn)
 v - a +0 buckler (worn)
Wands
 u - a wand of random effects (17)
 x - a wand of flame (24)
Scrolls
 e - a scroll of identify
 g - 8 scrolls of remove curse
 m - a scroll of teleportation {unknown}
 q - a scroll of enchant weapon {unknown}
 w - 2 scrolls of blinking {unknown}
 y - 2 scrolls of magic mapping {unknown}
 z - a scroll of fear {unknown}
Potions
 d - 2 potions of lignification {unknown}
 h - a potion of agility
 i - a potion of berserk rage
 j - a potion of flight
 l - 3 potions of heal wounds {unknown}
 p - 4 potions of mutation {unknown}
 t - 2 potions of haste {unknown}
 A - a potion of magic {unknown}
Comestibles
 f - 10 rations


   Skills:
 * Level 6.8 Fighting
 * Level 8.6(10.9) Short Blades
 * Level 8.4 Armour
 * Level 7.5 Dodging
 + Level 5.5 Stealth
 + Level 6.2 Shields


You had 9 spell levels left.
You didn't know any spells.
Your spell library contained the following spells:

 Spells                   Type           Power        Failure   Level  Hunger
 Freeze                   Ice            #...         77%         1    ##.....
 Poisonous Vapours        Pois/Air       #.....       88%         2    ###....
 Conjure Flame            Conj/Fire      #.......     98%         3    ####...
 Mephitic Cloud           Conj/Pois/Air  #.......     98%         3    ####...
 Ozocubu's Armour         Chrm/Ice       #.......     98%         3    ####...
 Hailstorm                Conj/Ice       #.......     100%        4    #####..
 Summon Ice Beast         Ice/Summ       #.......     100%        4    #####..
 Freezing Cloud           Conj/Ice/Air   #.........   100%        6    #######
 Ring of Flames           Chrm/Fire      #.........   100%        7    #######


Dungeon Overview and Level Annotations

Branches:
Dungeon (9/15)             Temple (1/1) D:7            Lair (0/6) D:8
    Orc: D:9-12

Altars:
Ashenzari
Cheibriados
Dithmenos
Fedhas
Gozag
Hepliaklqana
Kikubaaqudgha
Makhleb
Nemelex Xobeh
Qazlal
Ru
Sif Muna
Trog
Uskayaw
Vehumet
Wu Jian
Xom
Yredelemnul
Zin
The Shining One
Beogh

Shops:
D:6 %*


Innate Abilities, Weirdness & Mutations

You are small and have problems with some larger weapons.
You are somewhat resistant to further mutation.


Message History

The hungry ghost hits you.
You are feeling hungry.
Okay, then.
You hit the hungry ghost.
The hungry ghost is heavily damaged.
The orc warrior hits you with a +0 trident!
* * * LOW HITPOINT WARNING * * *
You miss the hungry ghost.
The hungry ghost is heavily damaged.
You block the hungry ghost's attack.
You closely miss the hungry ghost.
The hungry ghost is heavily damaged.
The orc warrior hits you with a +0 trident!
* * * LOW HITPOINT WARNING * * *
You feel better. The hungry ghost barely misses you.
The orc warrior completely misses you.
You eat one of the 11 rations.
That ration really hit the spot!
The hungry ghost closely misses you.
The orc warrior hits you with a +0 trident!!
You die...

.....###.#...##.#
###............#
#.###.#.#.####
###.#!#.# #
#.....#.#
###.#.#...>.#####
.................
......#..########
.......@.%..#
#.#....Wo##.#
##.###.# .# #.
.#. .# # # .. $.
... # #... #.##


You could see a hungry ghost and an orc warrior.

Vanquished Creatures
  A two-headed ogre (D:8)
  Pikel (D:7)
  A cyclops (D:9)
  Sigmund (D:5)
  Eustachio (D:5)
  Menkaure (D:6)
  Edmund (D:6)
  A water moccasin (D:9)
  3 ice beasts
  2 sky beasts
  4 slaves (D:7)
  2 orc warriors
  2 ogres
  2 necrophages (D:7)
  6 centaurs
  A big kobold (D:7)
  4 bullfrogs
  A gnoll sergeant (D:9)
  A scorpion (D:8)
  4 howler monkeys
  5 crimson imps
  Crazy Yiuf (D:6)
  A jelly (D:7)
  6 orc priests
  A centaur skeleton (D:4)
  4 hounds
  4 orc wizards
  2 bullfrog skeletons
  5 worker ants
  A killer bee zombie (D:6)
  2 worker ant zombies
  8 gnolls
  8 adders
  4 shadow imps
  An adder zombie (D:6)
  5 adder skeletons
  2 worms
  3 dart slugs
  2 leopard geckos
  30 orcs
  A ball python (D:6)
  3 giant cockroaches
  7 goblins
  4 hobgoblins
  11 kobolds
  2 quokkas (D:7)
  4 frilled lizards
  2 leopard gecko skeletons
  A quokka skeleton (D:4)
  8 rats
178 creatures vanquished.

Vanquished Creatures (others)
  A quokka (D:9)
1 creature vanquished.

Grand Total: 179 creatures vanquished

Notes
Turn   | Place    | Note
-------+----------+-------------------------------------------
     0 | D:1      | Borgoz the Halfling Fighter began the quest for the Orb.
     0 | D:1      | Reached XP level 1. HP: 15/15 MP: 1/1
   140 | D:1      | Reached XP level 2. HP: 20/20 MP: 2/2
  1368 | D:2      | Noticed an ogre
  1379 | D:2      | Killed an ogre
  1379 | D:2      | Reached skill level 1 in Dodging
  1379 | D:2      | Reached skill level 1 in Stealth
  1379 | D:2      | Reached XP level 3. HP: 26/26 MP: 3/3
  1379 | D:2      | Reached XP level 4. HP: 31/31 MP: 4/4
  1379 | D:2      | Reached XP level 5. HP: 36/36 MP: 5/5
  1852 | D:2      | Found a basalt altar of Yredelemnul.
  2016 | D:3      | Reached XP level 6. HP: 42/42 MP: 2/6
  3089 | D:4      | Found a shadowy altar of Dithmenos.
  3125 | D:4      | Found a stormy altar of Qazlal.
  3300 | D:4      | Found a shimmering blue altar of Sif Muna.
  3303 | D:4      | Found a hide-covered altar of Uskayaw.
  3303 | D:4      | Found a sacrificial altar of Ru.
  3342 | D:4      | Found a shattered altar of Ashenzari.
  3387 | D:4      | Became a worshipper of Ashenzari the Shackled
  3437 | D:4      | Reached XP level 7. HP: 45/47 MP: 7/7
  3689 | D:5      | Entered Level 5 of the Dungeon
  3880 | D:5      | Noticed Sigmund
  3900 | D:5      | Killed Sigmund
  3900 | D:5      | Reached skill level 5 in Armour
  4053 | D:5      | Reached XP level 8. HP: 32/54 MP: 5/8
  4410 | D:5      | Reached skill level 5 in Short Blades
  4431 | D:5      | Noticed Eustachio
  4447 | D:5      | Killed Eustachio
  4661 | D:6      | Noticed Edmund
  4691 | D:6      | Killed Edmund
  4991 | D:6      | Noticed Menkaure
  5002 | D:6      | Killed Menkaure
  5002 | D:6      | Reached skill level 5 in Fighting
  5010 | D:6      | Reached XP level 9. HP: 10/61 MP: 1/9
  5332 | D:6      | Reached skill level 5 in Dodging
  5346 | D:6      | Found a glowing golden altar of the Shining One.
  5372 | D:6      | Found Hecs's Assorted Antiques.
  5403 | D:6      | Found Diddur's Food Boutique.
  5440 | D:6      | Found a runed translucent door.
  5441 | D:6      | Noticed Crazy Yiuf
  5464 | D:6      | Reached * piety under Ashenzari
  5832 | D:6      | Killed Crazy Yiuf
  5934 | D:7      | Found a sparkling altar of Nemelex Xobeh.
  5989 | D:7      | Reached skill level 5 in Shields
  6432 | D:7      | Noticed Pikel
  6482 | D:7      | Killed Pikel
  6510 | D:7      | Found a snail-covered altar of Cheibriados.
  6790 | D:7      | Found a roughly hewn altar of Beogh.
  7120 | D:7      | Found a staircase to the Ecumenical Temple.
  7148 | Temple   | Entered the Ecumenical Temple
  7243 | D:8      | Reached XP level 10. HP: 66/66 MP: 10/10
  8043 | D:8      | Reached skill level 5 in Stealth
  8304 | D:8      | Found a staircase to the Lair.
  8371 | D:8      | Noticed a two-headed ogre
  8568 | D:8      | Killed a two-headed ogre
  8859 | D:8      | Reached ** piety under Ashenzari
  9407 | D:9      | Noticed a cyclops
  9434 | D:9      | Killed a cyclops
 10104 | D:9      | Slain by an orc warrior

Levels and vault maps discovered:
D:1:      tarquinn_simple_flora_water_f, layout_basic
D:2:      layout_basic, lemuel_crystal_altar, st_stairs_13, grunt_ministairs_13
D:3:      layout_basic, first_ration
D:4:      layout_basic, grunt_temple_overflow_open, grunt_qazlal_clouds,
          nicolae_dithmenos_through_a_glass_darkly, minmay_large_rounded_square
D:5:      layout_basic, uniq_eustachio, uniq_sigmund
D:6:      layout_loops_ring, nicolae_tso_carved_into_rock, serial_shops,
          nicolae_shop_overgrown_old_shop, shop, grunt_decor_mini_mirrors,
          chequers_decorated_corner, uniq_crazy_yiuf_cottage, uniq_edmund,
          uniq_menkaure
D:7:      layout_basic, nemelex_xobeh_ov_fountains_minmay, slow_altar_1,
          minmay_temple_entry_nine_rooms, david_defended_altar_orc, uniq_pikel
D:8:      layout_layer_cave, lair_entry_dummy
D:9:      layout_loops_ring, lemuel_round_altar, elyvilon_altar_4,
          uniq_gastronok
Temple:   eino_wide_crystal_templ

Skill      XL: |  1  2  3  4  5  6  7  8  9 10 |
---------------+-------------------------------+-----
Fighting       | 3 4 5 6 |  6.8
Short Blades   | 3 4 6 7 8 |  8.6
Dodging        | 1 2 3 4 6 7 |  7.5
Stealth        | 1 2 3 4 5 |  5.5
Armour         | 4 5 6 7 8 |  8.4
Shields        | 4 5 6 |  6.2

Action                   |  1- 3 |  4- 6 |  7- 9 | 10-12 || total
-------------------------+-------+-------+-------+-------++-------
Melee: Rapier            |    53 |       |       |       ||    53
       Dagger            |     6 |   158 |   459 |   403 ||  1026
Invok: Curse Item        |       |       |     2 |       ||     2
  Use: Scroll            |       |     1 |       |     5 ||     6
       Potion            |       |       |     4 |     5 ||     9
 Stab: Sleeping          |       |       |     1 |     1 ||     2
  Eat: Chunk             |     1 |     7 |    12 |     6 ||    26
       Ration            |       |       |       |     3 ||     3
Armor: Scale mail        |    16 |    32 |    81 |    60 ||   189
Dodge: Dodged            |     9 |    45 |   192 |   205 ||   451
Block: Shield            |    24 |    78 |    86 |       ||   188
       Buckler           |       |       |    46 |   100 ||   146

Table legend:
 A = Non-vault XP
 B = Vault XP
 C = Vault XP percentage of total XP
 D = Non-vault monster count
 E = Vault monster count
 F = Vault count percentage of total count
                 A         B        C        D         E       F
            +---------+---------+-------+---------+---------+-------
      Total |    5836 |    1689 |  22.4 |     160 |      14 |   8.0
            +---------+---------+-------+---------+---------+-------
        D:1 |      26 |       0 |   0.0 |      15 |       0 |   0.0
        D:2 |      83 |     128 |  60.7 |      11 |       4 |  26.7
        D:3 |     126 |       0 |   0.0 |      14 |       0 |   0.0
        D:4 |     197 |       0 |   0.0 |      17 |       0 |   0.0
        D:5 |     430 |     416 |  49.2 |      12 |       2 |  14.3
        D:6 |     429 |     371 |  46.4 |      15 |       3 |  16.7
        D:7 |     986 |     774 |  44.0 |      24 |       5 |  17.2
        D:8 |    2128 |       0 |   0.0 |      25 |       0 |   0.0
        D:9 |    1431 |       0 |   0.0 |      27 |       0 |   0.0
            +---------+---------+-------+---------+---------+-------
